 Dungeon Crawl Stone Soup version 0.17.1-1-g73c8601 (webtiles) character file.

130 DrBadvibez the Chopper (level 4, 0/36 HPs)
             Began as a Minotaur Berserker on Jan 19, 2016.
             Was a Believer of Trog.
             Slain by an orc wizard
             ... wielding a +0 dagger
              (5 damage)
             ... on level 3 of the Dungeon.
             The game lasted 00:10:22 (1732 turns).

DrBadvibez the Chopper (Minotaur Berserker)         Turns: 1732, Time: 00:10:22

Health: 0/36       AC:  7    Str: 22    XL:     4   Next: 90%
Magic:  3/3        EV: 13    Int:  4    God:    Trog [**....]
Gold:   33         SH:  0    Dex: 10    Spells: 0 memorised, 3 levels left

rFire  . . .     SeeInvis .     a - +0 hand axe
rCold  . . .     Clarity  .     b - +0 animal skin
rNeg   . . .     SustAt   .     (no shield)
rPois  .         Gourm    .     (helmet restricted)
rElec  .         Spirit   .     l - +2 cloak
rCorr  .         Warding  .     (no gloves)
rMut   .         Stasis   .     (no boots)
MR     .....                    (no amulet)
Stlth  +.........               (no ring)
                                (no ring)

@: not resistant to hostile enchantments, very unstealthy
A: retaliatory headbutt, horns 2, yellow scales 1, frail 1, wild magic 1
a: Berserk, Trog's Hand, Burn Spellbooks, Renounce Religion


You were on level 3 of the Dungeon.
You worshipped Trog.
Trog was pleased with you.
You were not hungry.

You visited 1 branch of the dungeon, and saw 3 of its levels.

You collected 33 gold pieces.

Inventory:

Hand Weapons
 a - a +0 hand axe (weapon)
 d - a +0 short sword of speed
 k - a +0 hand axe
Missiles
 e - 14 arrows
Armour
 b - a +0 animal skin (worn)
 g - a +0 robe
 h - a +0 scale mail
 l - a +2 cloak (worn)
 m - a +0 robe
Jewellery
 s - an uncursed ring of protection from fire {unknown}
Wands
 c - a wand of slowing (9)
Scrolls
 r - a scroll of remove curse {unknown}
 t - a scroll of enchant armour
Potions
 f - 5 potions of mutation
 i - 2 potions of lignification
 o - 2 potions of curing
 p - a potion of might {unknown}
 q - a potion of degeneration {unknown}
 u - a potion of magic {unknown}
Comestibles
 j - 2 meat rations
 n - 5 chunks of flesh


   Skills:
 + Level 4.7 Fighting
 + Level 4.8 Axes
 + Level 3.1 Armour
 + Level 3.4 Dodging
 + Level 0.1 Stealth


You had 3 spell levels left.
You didn't know any spells.

Dungeon Overview and Level Annotations

Branches:
Dungeon (3/15)

Altars:


Innate Abilities, Weirdness & Mutations

You reflexively headbutt those who attack you in melee.
You have a pair of horns on your head.
You are partially covered in yellow scales (AC +2).
You are frail (-10% HP).
Your spells are a little harder to cast, but a little more powerful.


Message History

Something hits you but does no damage.
You closely miss the bat. You miss something. The bat misses you.
The bat hits you but does no damage. Something barely misses you.
The bat barely misses you.
You closely miss something. You miss the bat. The bat misses you.
Something hits you but does no damage.
You feel less confused. The bat hits you.
* * * LOW HITPOINT WARNING * * *
Something hits you.
* * * LOW HITPOINT WARNING * * *
You closely miss the bat. You completely miss the jackal.
You hit something but do no damage. The bat hits you but does no damage.
Something hits you but does no damage.
The jackal bites you but does no damage.
The bat barely misses you. You furiously retaliate!
You headbutt the bat!
You kill the bat!
Trog accepts your kill. Something hits you.
You die...

.... ##........
..... +.........
..... #..?...[..
......+.....K...
......#.........
#.....o........
...####o########
....###h{..#
........@).#
...#.##....#
#.##....#####
#.##.........
#.##..#.#####
#.##..#.#
#..#..#.#
#..#..#.#
#.....#


You could see 2 orc priests and a jackal.

Vanquished Creatures
  Ijyb (D:2)
  Terence (D:2)
  An orc wizard (D:3)
  An adder (D:3)
  4 giant geckos (D:2)
  An orc (D:3)
  A giant cockroach (D:1)
  6 goblins
  6 hobgoblins
  3 jackals (D:3)
  2 quokkas (D:2)
  3 bats
  3 giant newts
  3 kobolds
  4 rats
40 creatures vanquished.

Notes
Turn   | Place    | Note
--------------------------------------------------------------
     0 | D:1      | DrBadvibez the Minotaur Berserker began the quest for the Orb.
     0 | D:1      | Reached XP level 1. HP: 19/19 MP: 0/0
   265 | D:1      | Reached skill level 4 in Axes
   360 | D:1      | Gained mutation: Your spells are a little harder to cast, but a little more powerful. [potion of mutation]
   360 | D:1      | Gained mutation: You are frail (-10% HP). [potion of mutation]
   360 | D:1      | Gained mutation: You are partially covered in yellow scales (AC +2). [potion of mutation]
   579 | D:1      | Reached XP level 2. HP: 24/24 MP: 1/1
  1255 | D:2      | Noticed Ijyb
  1258 | D:2      | Noticed Terence
  1270 | D:2      | Killed Ijyb
  1270 | D:2      | Reached XP level 3. HP: 28/29 MP: 2/2
  1275 | D:2      | Killed Terence
  1275 | D:2      | Reached XP level 4. HP: 34/36 MP: 3/3
  1432 | D:2      | Reached ** piety under Trog
  1449 | D:2      | Found a faded altar to an unknown god.
  1732 | D:3      | Slain by an orc wizard

Action                   |  1- 3 |  4- 6 || total
-------------------------+-------+-------++-------
Melee: Hand axe          |    37 |    35 ||    72
Invok: Berserk           |     1 |       ||     1
  Use: Scroll            |     5 |       ||     5
       Potion            |     3 |       ||     3
 Stab: Sleeping          |       |     1 ||     1
  Eat: Bread ration      |     1 |       ||     1
